 Dungeon Crawl Stone Soup version 0.31-a0-1570-g93c622d222 (webtiles) character file.

Game seed: 9356020841241836436

290 Drazool the Ruffian (level 6, -3/46 (62) HPs)
             Began as an Oni Shapeshifter on Jan 3, 2024.
             Slain by a wight
             ... wielding a +9 great sword
              (8 damage)
             ... on level 3 of the Dungeon.
             The game lasted 00:13:04 (3164 turns).

Drazool the Ruffian (Oni Shapeshifter)              Turns: 3164, Time: 00:13:05

HP:   -3/46 (62)    AC:  3    Str: 21    XL:     6   Next: 32%
MP:   0/6           EV:  8    Int: 11    God:
Gold: 116           SH:  7    Dex: 14    Spells: 5/5 levels left

rFire   . .          .
                       - Unarmed
rCold   . . .        g - +0 kite shield
rNeg    . . .        a - +0 animal skin
rPois   .            (helmet currently unavailable)
rElec   .            (cloak currently unavailable)
rCorr   .            (gloves unavailable)
SInv    .            (boots unavailable)
Will    .....        h - amulet of guardian spirit
Stlth   +            D - +6 ring of dexterity
HPRegen 0.27/turn    (no ring)
MPRegen 0.10/turn

%: guardian spirit
@: beast-form, very heavily drained
A: beast (slay +2), large, unfitting armour, horns 1, tough skin 1, double
potion healing, drunken brawling
a: Begin Untransformation


You were on level 3 of the Dungeon.
You were a hulking beast.
You visited 1 branch of the dungeon, and saw 4 of its levels.

You collected 136 gold pieces.
You spent 20 gold pieces at shops.


Innate Abilities, Weirdness & Mutations

You are a hulking beast.
Your limbs bulge with bestial killing power. (Slay +2)
You are too large for most types of armour.
You have a pair of small horns on your head.
You have tough skin. (AC +1)
You gain doubled healing and magic from potions.
Whenever you drink a healing potion, you attack all around you.


   Skills:
 - Level 4.2 Fighting
 + Level 1.8 Dodging
 + Level 0.0 Shields
 - Level 4.8 Unarmed Combat
 - Level 4.0 Shapeshifting


You had 5 spell levels left.
You didn't know any spells.
Your spell library was empty.

Inventory:

Missiles
 f - 3 boomerangs
 i - 6 poisoned darts
Armour
 a - a +0 animal skin (worn)
 g - a +0 kite shield (worn)
Jewellery
 h - an amulet of guardian spirit (around neck)
 D - a +6 ring of dexterity (left hand)
 F - a ring of fire
Talismans
 c - a beast talisman
 d - a flux talisman
 s - a blade talisman
Wands
 l - a wand of flame (20)
 n - a wand of charming (8)
Scrolls
 k - a scroll of teleportation {@r2}
 m - a scroll of noise {unknown}
 t - a scroll of vulnerability {unknown}
Potions
 b - 2 potions of lignification
 e - a potion of curing {@q1}
 j - a potion of brilliance {unknown}
 p - a potion of heal wounds {unknown}
 q - a potion of haste {unknown}
 r - a potion of resistance {unknown}

Dungeon Overview and Level Annotations

Branches:
Dungeon (4/15)
 Temple: D:4-7

Altars:
Uskayaw

Shops:
D:2

? #. #. #.
###########.
#########.z....z....
#.z..z..#.##########
#.#####.#.# #......
#.#####.#.# #.#####
#.#hz...#.# #.#
#.#######z# #.#
#z#.......# #†#
#.#.##########.#
#...#..........#
#.............## #
#...#.#######.# #
##.##.# #.# # #.##.#
#.# #


You could see a wight.


Message History

* * * LOW HITPOINT WARNING * * *
You feel drained.
* * * LOW HITPOINT WARNING * * *
You hit the wight.
The wight is severely damaged.
You block the wight's attack.
You punch the wight!
You destroy the wight!
Training target 4.0 for Shapeshifting reached!
Your Shapeshifting skill increases to level 4!
You need to enable at least one skill for training.
You start resting.
Magic restored.
HP restored.
You climb downwards.
The wight hits you with a +9 great sword!
You feel drained.
There is a stone staircase leading up, spattered with blood here.
You hit the wight but do no damage. You headbutt the wight!
The wight is heavily damaged.
The wight hits you with a +9 great sword!
You feel drained.
You hit the wight but do no damage. Your headbutt misses the wight.
The wight is heavily damaged.
The wight hits you with a +9 great sword!!
* * * LOW HITPOINT WARNING * * *
You barely miss the wight. You headbutt the wight.
The wight is heavily damaged.
The wight hits you with a +9 great sword!
You die...

Skill      XL: |  1  2  3  4  5  6 |
---------------+-------------------+-----
Unarmed Combat | 3 4 |  4.8
Fighting       | 2 3 4 |  4.2
Shapeshifting  | 4 |  4.0
Dodging        | |  1.8

Action                     |  1- 3 |  4- 6 || total
---------------------------+-------+-------++-------
  Melee: Unarmed           |    75 |   125 ||   200
         Headbutt          |     7 |    22 ||    29
  Throw: Dart              |     2 |       ||     2
  Evoke: Wand              |       |    15 ||    15
    Use: Scroll            |       |     4 ||     4
         Potion            |       |     2 ||     2
   Stab: Sleeping          |       |     1 ||     1
 Armour: Animal skin       |    33 |    97 ||   130
  Dodge: Dodged            |    18 |    36 ||    54
  Block: Kite shield       |     8 |    41 ||    49

Levels and vault maps discovered:
D:1:      eino_arrival_cavern_a, layout_basic
D:2:      layout_basic, serial_shops, nicolae_lakefront_shop, uniq_robin,
          uniq_jessica, uniq_terence
D:3:      layout_basic, eat_drink_and_be_merry_uskayaw, uniq_ijyb
D:4:      layout_layer_cave

Notes
Turn   | Place    | Note
-------+----------+-------------------------------------------
     0 | D:1      | Drazool the Oni Shapeshifter began the quest for the Orb.
     0 | D:1      | Reached XP level 1. HP: 19/19 MP: 1/1
    91 | D:1      | Reached skill level 3 in Unarmed Combat
   108 | D:1      | Reached XP level 2. HP: 24/28 MP: 2/2
   143 | D:1      | Reached skill level 2 in Fighting
   615 | D:1      | Reached XP level 3. HP: 35/36 MP: 3/3
   971 | D:2      | Noticed Terence
   983 | D:2      | Killed Terence
   984 | D:2      | Reached skill level 3 in Fighting
  1125 | D:2      | Reached XP level 4. HP: 45/45 MP: 4/4
  1250 | D:2      | Reached skill level 4 in Unarmed Combat
  1325 | D:2      | Noticed Robin
  1513 | D:2      | Killed Robin
  1554 | D:2      | Noticed Jessica
  1561 | D:2      | Found Pacijeh's Magic Scroll Shoppe.
  1564 | D:2      | Killed Jessica
  1565 | D:2      | Reached XP level 5. HP: 51/54 MP: 5/5
  1583 | D:2      | Bought a scroll of identify for 20 gold pieces
  1931 | D:3      | Reached skill level 4 in Fighting
  2049 | D:3      | Found a hide-covered altar of Uskayaw.
  2288 | D:3      | Noticed Ijyb
  2300 | D:3      | Killed Ijyb
  2301 | D:3      | Reached XP level 6. HP: 50/62 MP: 6/6
  2834 | D:3      | HP: 4/49 [wight/+9 great sword (5)]
  3003 | D:2      | Reached skill level 4 in Shapeshifting
  3164 | D:3      | Slain by a wight

Vanquished Creatures
  A wight (D:2)
  Jessica (D:2)
  Ijyb (D:3)
  Terence (D:2)
  2 orc wizards (D:3)
  Robin (D:2)
  2 adders
  5 orcs (D:3)
  3 endoplasms (D:1)
  3 giant cockroaches
  13 goblins
  9 hobgoblins
  A quokka (D:1)
  8 ball pythons
  9 bats
  3 frilled lizards
  4 kobolds
  6 rats
73 creatures vanquished.

Vanquished Creatures (others)
  An orc (D:4)
1 creature vanquished.

Grand Total: 74 creatures vanquished

Table legend: (Time is in decaauts)
 A = Elapsed time spent in this place.
 B = Non-inter-level travel time spent in this place.
 C = Inter-level travel time spent in this place.
 D = Time resting spent in this place.
 E = Time spent auto-exploring this place.
 F = Levels seen in this place.
 G = Mean time per level.
                   A        B        C        D        E       F      G
               +--------+--------+--------+--------+--------+-----+--------+
         Total |   3184 |   3003 |    181 |    555 |   1688 |   4 |  796.0 |
       Dungeon |   3184 |   3003 |    181 |    555 |   1688 |   4 |  796.0 |
               +--------+--------+--------+--------+--------+-----+--------+

Top non-repeatable levels by time:
     D:2: 1129 daAuts
     D:3: 1069 daAuts
     D:1: 974 daAuts
     D:4: 10 daAuts

Table legend:
 A = Non-vault XP
 B = Vault XP
 C = Vault XP percentage of total XP
 D = Non-vault monster count
 E = Vault monster count
 F = Vault count percentage of total count
                 A         B        C        D         E       F
            +---------+---------+-------+---------+---------+-------
      Total |     270 |     145 |  34.9 |      57 |      16 |  21.9
            +---------+---------+-------+---------+---------+-------
        D:1 |      38 |      14 |  26.9 |      24 |       8 |  25.0
        D:2 |     109 |      95 |  46.6 |      12 |       7 |  36.8
        D:3 |     123 |      36 |  22.6 |      21 |       1 |   4.5
            +---------+---------+-------+---------+---------+-------
